 Dungeon Crawl Stone Soup version 0.17-a0-1667-g4ca74a1 (webtiles) character file.

913 Grimur the Chopper (level 7, 0/67 HPs)
             Began as a Minotaur Berserker on Aug 17, 2015.
             Was a Priest of Trog.
             Killed from afar by an orc wizard (2 damage)
             ... with a puff of flame
             ... on level 5 of the Dungeon.
             The game lasted 00:12:14 (3938 turns).

Grimur the Chopper (Minotaur Berserker)             Turns: 3938, Time: 00:12:15

Health: 0/67       AC:  9    Str: 23      XL:     7   Next: 82%
Magic:  15/15      EV:  3    Int:  4      God:    Trog [***...]
Gold:   152        SH: 12    Dex:  9 (10) Spells: 0 memorised, 6 levels left

rFire  . . .     SeeInvis .     a - +0 hand axe
rCold  . . .     Clarity  .     f - +0 chain mail
rNeg   . . .     SustAt   .     i - +0 large shield
rPois  .         Gourm    .     (helmet unavailable)
rElec  .         Spirit   .     (no cloak)
rCorr  .         Warding  .     (no gloves)
rMut   .         Stasis   .     (no boots)
MR     +....                    (no amulet)
Stlth  ..........               (no ring)
                                e - ring of magical power

@: exhausted, slowed, drained, very slow, somewhat resistant to hostile
enchantments, extremely unstealthy
A: retaliatory headbutt, horns 3, deterioration 1, magic resistance 1
a: Burn Spellbooks, Berserk, Trog's Hand, Renounce Religion


You were on level 5 of the Dungeon.
You worshipped Trog.
Trog was most pleased with you.
You were very hungry.

You visited 1 branch of the dungeon, and saw 5 of its levels.

You collected 152 gold pieces.

Inventory:

Hand weapons
 a - a +0 hand axe (weapon)
 d - a +0 whip
Armour
 f - a +0 chain mail (worn)
 i - a +0 large shield (worn)
Jewellery
 e - a ring of magical power (left hand)
Scrolls
 j - 3 scrolls of identify
 n - 2 scrolls of remove curse
Potions
 h - a potion of curing
Comestibles
 b - 4 fruits
 c - 3 bread rations
 g - a slice of pizza
 k - a beef jerky
 l - 2 chunks of flesh


   Skills:
 * Level 7.7(7.5) Fighting
 * Level 7.8(7.6) Axes
 + Level 5.1(5.0) Armour
 - Level 2.1(2.0) Dodging


You had 6 spell levels left.
You didn't know any spells.

Dungeon Overview and Level Annotations

Branches:
Dungeon (5/15)
 Temple: D:4-7

Altars:
Gozag
Makhleb


Innate Abilities, Weirdness & Mutations

You reflexively headbutt those who attack you in melee.
You have a pair of large horns on your head.
Your body sometimes deteriorates upon taking damage.
You are resistant to hostile enchantments.


Message History

The centaur hits you.
* * * LOW HITPOINT WARNING * * *
The giant gecko zombie bites you but does no damage.
The centaur hits you.
* * * LOW HITPOINT WARNING * * *
You hear some strange, mumbled words.
A magic dart appears from out of thin air!
The magic dart hits you!
The giant gecko zombie bites you but does no damage.
The worker ant twitches its antennae in your direction.
You slash the centaur! Your headbutt misses the centaur.
The centaur is heavily wounded.
You miss something. You hit the giant gecko zombie.
You destroy the giant gecko zombie!
The centaur hits you but does no damage.
You block the centaur's attack.
You hear some strange, mumbled words.
A puff of flame appears from out of thin air!
The puff of flame hits you!
You die...

....................(.#....
...........................
.....................<.....
...........................
.............†)....(.(#
........(....).....().#
..................()..###
................c.........
................@....a.....
...........................
.........................a.
...........................
...........................
......# ...#########.....
... .... .. ..


You could see a centaur and a worker ant.

Vanquished Creatures
  Grinder (D:3)
  Sigmund (D:4)
  The ghost of emiel the Chiller, an average OgIE (D:4)
  An ogre (D:5)
  Blork the orc (D:5)
  A hound (D:3)
  A worker ant (D:4)
  An orc priest (D:5)
  Natasha (thrice) (D:3)
  A worker ant zombie (D:5)
  3 adders
  An ooze (D:2)
  6 worms
  A giant gecko (D:4)
  13 orcs
  4 giant cockroaches
  3 hobgoblins
  2 jackals (D:1)
  13 kobolds
  5 quokkas
  A ball python (D:1)
  8 bats
  A giant gecko zombie (D:5)
  2 giant newts
  8 goblins
  2 rats
85 creatures vanquished.

Notes
Turn   | Place    | Note
--------------------------------------------------------------
     0 | D:1      | Grimur the Minotaur Berserker began the quest for the Orb.
     0 | D:1      | Reached XP level 1. HP: 19/19 MP: 0/0
   374 | D:1      | Reached skill level 4 in Axes
   374 | D:1      | Reached XP level 2. HP: 27/27 MP: 1/1
   810 | D:2      | Acquired Trog's second power
   816 | D:2      | Reached XP level 3. HP: 14/33 MP: 2/2
   991 | D:2      | Found an opulent altar of Gozag.
   991 | D:2      | Found a burning altar of Makhleb.
  1686 | D:3      | Reached XP level 4. HP: 38/41 MP: 3/3
  2019 | D:3      | Noticed Natasha
  2030 | D:3      | Killed Natasha
  2030 | D:3      | Reached skill level 5 in Axes
  2034 | D:3      | Noticed Natasha
  2042 | D:3      | Killed Natasha
  2042 | D:3      | Reached skill level 5 in Fighting
  2058 | D:3      | Noticed Natasha
  2063 | D:3      | Killed Natasha
  2215 | D:3      | Reached XP level 5. HP: 38/48 MP: 4/4
  2751 | D:3      | Noticed Grinder
  2753 | D:3      | Paralysed by Grinder for 6 turns
  2764 | D:3      | Killed Grinder
  2764 | D:3      | Reached skill level 6 in Fighting
  2764 | D:3      | Reached XP level 6. HP: 57/57 MP: 5/5
  2840 | D:4      | Noticed Sigmund
  2844 | D:4      | Gained mutation: Your body sometimes deteriorates upon taking damage. [potion of mutation]
  2844 | D:4      | Gained mutation: You are resistant to hostile enchantments. [potion of mutation]
  2844 | D:4      | Gained mutation: You have a pair of large horns on your head. [potion of mutation]
  2853 | D:4      | Killed Sigmund
  2853 | D:4      | Reached XP level 7. HP: 48/64 MP: 6/6
  3213 | D:4      | Noticed emiel's ghost (average OgIE)
  3229 | D:4      | Killed emiel's ghost
  3229 | D:4      | Reached skill level 7 in Fighting
  3754 | D:5      | Entered Level 5 of the Dungeon
  3907 | D:5      | Noticed Blork the orc
  3914 | D:5      | Killed Blork the orc
  3917 | D:5      | Reached skill level 5 in Armour
  3937 | D:5      | HP: 2/67 [centaur (6)]
  3938 | D:5      | Killed from afar by an orc wizard

Vault maps used:
D:1:      dpeg_arrival_connections
D:2:      gammafunk_temple_overflow_wave, kennysheep_generic_room_16
D:3:      corexii_item_surrounded_by_moat, uniq_natasha, uniq_grinder
D:4:      first_bread, uniq_sigmund
D:5:      kennysheep_little_box, serial_shops, shop, basic_altar,
          fedhas_bush_and_centaur_altar, uniq_blork_the_orc

Action                   |  1- 3 |  4- 6 |  7- 9 || total
-------------------------+-------+-------+-------++-------
Melee: Hand axe          |    70 |    80 |    71 ||   221
Invok: Berserk           |     1 |     2 |     2 ||     5
  Use: Scroll            |     5 |     3 |     3 ||    11
       Potion            |     3 |     2 |       ||     5
  Eat: Chunk             |     3 |     5 |     1 ||     9
       Meat ration       |       |       |     1 ||     1
